 Dungeon Crawl Stone Soup version 0.27-a0-1557-g57f10a385c (webtiles) character file.

Game seed: 13414022386829131407

118 lunkers the Ruffian (level 5, -4/41 HPs)
             Began as a Ghoul Warper on July 15, 2021.
             Slain by a killer bee (5 damage)
             ... on level 4 of the Dungeon.
             The game lasted 00:05:51 (2349 turns).

lunkers the Ruffian (Ghoul Warper)                  Turns: 2349, Time: 00:05:52

Health: -4/41      AC:  6    Str: 16    XL:     5   Next: 2%
Magic:  6/6        EV: 10    Int:  8    God:
Gold:   144        SH:  0    Dex:  8    Spells: 7/7 levels left

rFire    . . .     SeeInvis .     - Unarmed
rCold    + . .     Faith    .   (no shield)
rNeg     + + +     Spirit   .   q - +0 ring mail
rPois    ∞         Reflect  .   t - +0 helmet
rElec    .         Harm     .   (no cloak)
rCorr    .         Rampage  .   (no gloves)
Will     .....                  (no boots)
Stlth    ..........             (no amulet)
HPRegen  0.00/turn              d - ring of flight
MPRegen  0.10/turn              (no ring)

@: about to teleport, flying
A: claws 1, cold resistance 1, negative energy resistance 3, inhibited
regeneration, torment resistance 2
a: no special abilities


You were on level 4 of the Dungeon.
You visited 1 branch of the dungeon, and saw 4 of its levels.

You collected 144 gold pieces.

Inventory:

Missiles
 c - 5 boomerangs of dispersal
 e - 15 poisoned darts (quivered)
 l - 6 curare-tipped darts
 p - 4 boomerangs
 s - 4 datura-tipped darts
Armour
 q - a +0 ring mail (worn)
 t - a +0 helmet (worn)
Jewellery
 d - a ring of flight (left claw)
Scrolls
 b - a scroll of blinking
 g - a scroll of identify
 j - a scroll of immolation {unknown}
 m - a scroll of enchant weapon {unknown}
 n - a scroll of noise {unknown}
 o - a scroll of fog {unknown}
Potions
 f - a potion of lignification {unknown}
 h - 2 potions of heal wounds
 k - a potion of degeneration {unknown}
 r - a potion of curing {unknown}


   Skills:
 - Level 2.1 Fighting
 - Level 0.8 Throwing
 - Level 0.8 Armour
 - Level 1.7 Dodging
 * Level 5.5 Unarmed Combat
 - Level 1.7 Spellcasting
 - Level 2.6 Translocations


You had 7 spell levels left.
You didn't know any spells.
Your spell library contained the following spells:

 Spells                   Type           Power      Damage    Failure   Level
 Blink                    Tloc           N/A        N/A       34%         2
 Gell's Gravitas          Tloc           2%         N/A       56%         3
 Lesser Beckoning         Tloc           2%         N/A       56%         3
 Teleport Other           Tloc           5%         N/A       56%         3
 Manifold Assault         Tloc           5%         N/A       100%        5


Dungeon Overview and Level Annotations

Branches:
Dungeon (4/15)
 Temple: D:4-7

Altars:

Shops:
D:3 ?


Innate Abilities, Weirdness & Mutations

You thrive by killing the living.
You are immune to poison.
You have sharp fingernails.
Your flesh is cold resistant. (rC+)
You are immune to negative energy. (rN+++)
You do not regenerate when monsters are visible.
You are immune to unholy pain and torment.


Message History

e - 16 poisoned darts (gained 1)
g - 2 scrolls labelled LEXOUR EDGHA (gained 1) 2 killer bees come into view.
The killer bee buzzes angrily.
You hear an angry buzzing noise.
You hear an angry hiss.
You hear a shout!
A hound skeleton comes into view.
You hear a shout!
There are monsters nearby!
There are monsters nearby!
Unknown command.
You throw a poisoned dart. The poisoned dart hits the killer bee.
The killer bee stings you.
A killer bee comes into view.
The killer bee stings you. x2; The killer bee closely misses you.
The killer bee stings you. x2
The killer bee closely misses you.
You miss the killer bee. The killer bee barely misses you.
The killer bee closely misses you.
You closely miss the killer bee. The killer bee stings you!
* * * LOW HITPOINT WARNING * * *
The killer bee stings you.
* * * LOW HITPOINT WARNING * * *
The killer bee stings you but does no damage.
The killer bee closely misses you.
The killer bee stings you but does no damage.
As you read the scroll labelled LEXOUR EDGHA, it crumbles to dust.
It is a scroll of identify.
h - 2 potions of heal wounds The killer bee stings you but does no damage.
Okay, then.
As you read the scroll labelled RUUSKUCVUI, it crumbles to dust.
You feel strangely unstable.
It was a scroll of teleportation.
The killer bee stings you but does no damage.
The killer bee closely misses you. The killer bee stings you.
* * * LOW HITPOINT WARNING * * *
The killer bee stings you!
* * * LOW HITPOINT WARNING * * *
The killer bee stings you but does no damage.
The killer bee stings you.
You die...

#### ###y@# ###### #.y..#
#<...# .. #####.##y# ####.#
.... #....Z..Z#####
#.###.....
.....y##.........###.........
..... ##.#............###....
.... #..#.......####.# . #.y
#(#........# #... ##
#.#........# ##..#


You could see 3 killer bees and a hound skeleton.

Vanquished Creatures
  A jelly (D:4)
  2 adders (D:3)
  A worm (D:2)
  A dart slug (D:2)
  5 orcs (D:3)
  6 bats
  4 endoplasms
  4 giant cockroaches
  6 goblins
  7 hobgoblins
  2 jackals (D:2)
  2 quokkas
  3 ball pythons
  4 frilled lizards
  6 kobolds
  2 rats (D:1)
56 creatures vanquished.

Notes
Turn   | Place    | Note
-------+----------+-------------------------------------------
     0 | D:1      | lunkers the Ghoul Warper began the quest for the Orb.
     0 | D:1      | Reached XP level 1. HP: 17/17 MP: 2/2
   178 | D:1      | Found a faded altar of an unknown god.
   445 | D:1      | Reached skill level 3 in Unarmed Combat
   445 | D:1      | Reached XP level 2. HP: 24/24 MP: 3/3
   980 | D:2      | Reached XP level 3. HP: 26/29 MP: 4/4
  1139 | D:2      | Reached skill level 4 in Unarmed Combat
  1624 | D:3      | Reached XP level 4. HP: 30/36 MP: 5/5
  1742 | D:3      | Reached skill level 5 in Unarmed Combat
  1981 | D:3      | Found Yhiwaa's Magic Scroll Emporium.
  2178 | D:4      | Reached XP level 5. HP: 23/41 MP: 6/6
  2348 | D:4      | HP: 1/41 [killer bee (8)]
  2349 | D:4      | Slain by a killer bee

Illustrated notes

Levels and vault maps discovered:
D:1:      amcnicky_arrival_flooded_fountain, layout_basic,
          hellmonk_ecumenical_altar_leap_of_faith
D:2:      layout_rooms, minmay_octomino_e4
D:3:      layout_rooms, serial_shops, nicolae_shop_waterfront,
          chequers_serial_rivers_micro_c, minmay_misc_feat_square
D:4:      layout_rooms, grunt_temple_overflow_open, gammafunk_ghost_mausoleum,
          nicolae_shop_firing_range

Skill      XL: |  1  2  3  4 |
---------------+-------------+-----
Unarmed Combat | 3 4 5 |  5.5
Fighting       | |  2.1
Throwing       | |  0.8
Armour         | |  0.8
Dodging        | |  1.7
Spellcasting   | |  1.7
Translocations | |  2.6

Action                   |  1- 3 |  4- 6 || total
-------------------------+-------+-------++-------
Melee: Unarmed           |   133 |    31 ||   164
       Punch             |     1 |       ||     1
Throw: Dart              |    60 |    18 ||    78
  Use: Scroll            |       |     2 ||     2
Armor: Leather armour    |    49 |     3 ||    52
       Ring mail         |       |     9 ||     9
Dodge: Dodged            |    71 |    16 ||    87

Table legend: (Time is in decaauts)
 A = Elapsed time spent in this place.
 B = Non-inter-level travel time spent in this place.
 C = Inter-level travel time spent in this place.
 D = Time resting spent in this place.
 E = Time spent auto-exploring this place.
 F = Levels seen in this place.
 G = Mean time per level.
                   A        B        C        D        E       F      G
               +--------+--------+--------+--------+--------+-----+--------+
         Total |   2333 |   2273 |     60 |      0 |   1801 |   4 |  583.2 |
       Dungeon |   2333 |   2273 |     60 |      0 |   1801 |   4 |  583.2 |
               +--------+--------+--------+--------+--------+-----+--------+

Top non-repeatable levels by time:
     D:1: 963 daAuts
     D:3: 633 daAuts
     D:2: 544 daAuts
     D:4: 191 daAuts
